 Dungeon Crawl Stone Soup version 0.27-a0-1191-g601b473118 (webtiles) character file.

Game seed: 6505157261169469526

4733 bande the Cleaver (level 10, -3/60 HPs)
             Began as a Gargoyle Fighter on May 24, 2021.
             Was a Priest of Okawaru.
             Splashed by Grum's acid (7 damage)
             ... on level 8 of the Dungeon.
             The game lasted 00:17:19 (6792 turns).

bande the Cleaver (Gargoyle Fighter)                Turns: 6792, Time: 00:17:20

Health: -3/60      AC: 15    Str: 23    XL:     10   Next: 46%
Magic:  0/13       EV:  7    Int:  8    God:    Okawaru [***...]
Gold:   447        SH: 12    Dex: 10    Spells: 7/9 levels left

rFire    . . .     SeeInvis .   k - +3 war axe
rCold    . . .     Faith    .   c - +1 kite shield
rNeg     + . .     Spirit   +   j - +0 chain mail
rPois    ∞         Reflect  .   (no helmet)
rElec    +         Harm     .   f - +0 cloak {rPois}
rCorr    .         Rampage  .   (no gloves)
Will     .....                  b - +0 pair of boots
Stlth    ..........             D - amulet of guardian spirit
HPRegen  0.20/turn              (no ring)
MPRegen  0.13/turn              (no ring)

@: corroded
A: sickness immunity, AC +7, negative energy resistance 1, electricity
resistance, torment resistance 1, petrification resistance
a: Renounce Religion, Heroism


You were on level 8 of the Dungeon.
You worshipped Okawaru.
Okawaru was most pleased with you.
You visited 2 branches of the dungeon, and saw 9 of its levels.
You also visited: Ossuary.

You collected 447 gold pieces.

Inventory:

Hand Weapons
 a - a +1 war axe
 i - a +2 hand axe of freezing
 k - a +3 war axe (weapon)
 m - a +0 flail
Missiles
 v - 5 atropa-tipped darts (quivered)
Armour
 b - a +0 pair of boots (worn)
 c - a +1 kite shield (worn)
 f - a +0 cloak of poison resistance (worn)
 j - a +0 chain mail (worn)
Jewellery
 e - an amulet of regeneration
 D - an amulet of guardian spirit (around neck)
 E - a ring of magical power
 F - a +6 ring of dexterity
Wands
 d - a wand of flame (24)
 r - a wand of acid (6)
 B - a wand of iceblast (10)
Scrolls
 n - a scroll of fear
 o - a scroll of enchant armour
 q - 2 scrolls of fog
 s - 3 scrolls of teleportation
 y - a scroll of blinking {unknown}
 z - a scroll of identify
Potions
 g - 6 potions of curing
 h - 2 potions of brilliance
 l - 3 potions of haste
 p - a potion of invisibility
 t - 2 potions of heal wounds
 u - 3 potions of lignification
 w - a potion of berserk rage {unknown}
 x - a potion of attraction {unknown}
 A - a potion of might
 C - a potion of flight {unknown}


   Skills:
 + Level 6.2 Fighting
 + Level 8.4 Axes
 + Level 6.1 Armour
 - Level 1.2 Dodging
 + Level 7.7 Shields
 * Level 2.2 Translocations
 * Level 4.0 Invocations
 * Level 5.1 Evocations


You had 7 spell levels left.
You knew the following spells:

 Your Spells              Type           Power      Damage    Failure   Level
a - Blink                 Tloc           N/A        N/A       99%         2

Your spell library contained the following spells:

 Spells                   Type           Power      Damage    Failure   Level
 Freeze                   Ice            0%         1d3       100%        1
 Magic Dart               Conj           0%         1d3       100%        1
 Call Imp                 Summ           0%         N/A       100%        2
 Slow                     Hex            0%         N/A       100%        2
 Conjure Flame            Conj/Fire      0%         6-21      100%        3
 Frozen Ramparts          Ice            0%         1d2       100%        3
 Mephitic Cloud           Conj/Pois/Air  0%         N/A       100%        3
 Ozocubu's Armour         Ice            0%         N/A       100%        3
 Hailstorm                Conj/Ice       0%         3d3       100%        4
 Metabolic Englaciation   Hex/Ice        0%         N/A       100%        5


Dungeon Overview and Level Annotations

Branches:
Dungeon (8/15)             Temple (1/1) D:5         Ossuary (visited)
   Lair: D:8-11

Altars:
Ashenzari
Cheibriados
Dithmenos
Elyvilon
Fedhas
Gozag
Hepliaklqana
Kikubaaqudgha
Nemelex Xobeh
Okawaru
Qazlal
Sif Muna
Trog
Uskayaw
Vehumet
Wu Jian
Xom
Yredelemnul
Zin
The Shining One

Annotations:
D:8 Grum


Innate Abilities, Weirdness & Mutations

You are immune to sickness and miasma.
Your stone body is resilient. (AC +7)
You are immune to poison.
You resist negative energy. (rN+)
You are resistant to electric shocks. (rElec)
You are resistant to unholy torment.
You are immune to petrification.


Message History

Grum the Hunter comes into view.
He is wielding a -1 spear and carrying a wand of acid (14).
Grum growls angrily.
You closely miss the wolf. The wolf bites you but does no damage.
You hit Grum but do no damage. You block Grum's attack.
You slash Grum!
Grum is moderately wounded.
Grum zaps a wand.
The bolt of acid hits you!!
You are splashed with acid!
You are too injured to fight recklessly!
You are too injured to fight recklessly!
You are too injured to fight recklessly!
You are too injured to fight recklessly!
You are too injured to fight recklessly!
You are too injured to fight recklessly!
You are too injured to fight recklessly!
You are too injured to fight recklessly!
You are too injured to fight recklessly!
You are too injured to fight recklessly!
You slash Grum!
Grum is heavily wounded.
You block Grum's attack.
You barely miss Grum.
Grum is heavily wounded.
You block Grum's attack.
You hit Grum.
Grum is severely wounded.
Grum bares his teeth.
Grum hits you but does no damage. x2
You slash Grum!
Grum is almost dead.
Grum hits you with a -1 spear!
* * * LOW HITPOINT WARNING * * *
You hit Grum.
Grum is almost dead.
Grum hits you but does no damage.
You closely miss Grum.
Grum is almost dead.
Grum zaps a wand.
The bolt of acid hits you!
* * * LOW HITPOINT WARNING * * *
The acid corrodes you!
You are splashed with acid!
You die...

.......#...#.....##....#.......(.
...#..##...###..##.....#.........
...#..#.....##...#.....)......(..
#..#..##.#.............))........
#..............#.......)..#......
............####......#######....
..#.....<....###........# #..##
..............##......).# ####
...............#@......##
...............g........#
............#..........##
.(..........#...........#
...............###....###
.###....#......# #.####
......#.#......###.##
.#....###...........#
###..###........#..##


You could see Grum.

Vanquished Creatures
  Pikel (D:7)
  A hornet (D:6)
  Prince Ribbit (D:8)
  Sigmund (D:2)
  2 wraiths (Ossuary)
  A steam dragon (D:8)
  2 water moccasins
  A black bear (D:7)
  2 ice beasts
  A sky beast (D:7)
  A necrophage (D:6)
  3 wolves (D:8)
  An ogre (D:5)
  A centaur (D:6)
  3 phantoms
  2 bullfrogs (D:7)
  3 scorpions
  A wyvern skeleton (D:6)
  2 water moccasin skeletons
  2 water moccasin zombies
  3 howler monkeys
  10 wights
  3 jellies
  7 orc priests
  2 gnoll shamans
  5 hounds
  Crazy Yiuf (D:2)
  An iguana (D:5)
  3 orc wizards
  A hound zombie (D:4)
  2 hound skeletons (D:4)
  2 howler monkey zombies
  5 gnolls (D:6)
  A howler monkey skeleton (D:5)
  2 adders
  A white imp (D:7)
  An ufetubus (D:4)
  2 adder zombies
  2 adder skeletons (D:4)
  A worm (D:3)
  A dart slug (D:4)
  19 orcs
  3 ball pythons (D:1)
  7 endoplasms
  7 giant cockroaches
  9 hobgoblins
  6 jackals (D:1)
  3 quokkas (D:1)
  2 ball python skeletons (Ossuary)
  6 bats
  2 frilled lizards
  11 goblins
  A hobgoblin skeleton (Ossuary)
  A hobgoblin zombie (Ossuary)
  5 kobolds
  An orc skeleton (Ossuary)
  An orc zombie (Ossuary)
  3 rats
175 creatures vanquished.

Vanquished Creatures (others)
  2 fungi (D:2)
  3 plants (D:8)
5 creatures vanquished.

Grand Total: 180 creatures vanquished

Notes
Turn   | Place    | Note
-------+----------+-------------------------------------------
     0 | D:1      | bande the Gargoyle Fighter began the quest for the Orb.
     0 | D:1      | Reached XP level 1. HP: 14/14 MP: 1/1
   422 | D:1      | Reached XP level 2. HP: 19/19 MP: 2/2
   429 | D:1      | Found a faded altar of an unknown god.
   488 | D:1      | Reached skill level 2 in Axes
   554 | D:1      | Reached XP level 3. HP: 24/24 MP: 3/3
  1211 | D:2      | Reached XP level 4. HP: 29/29 MP: 4/4
  1274 | D:2      | Noticed Sigmund
  1302 | D:2      | Killed Sigmund
  1303 | D:2      | Reached skill level 3 in Axes
  1303 | D:2      | Reached XP level 5. HP: 7/33 MP: 5/5
  1659 | D:2      | Found a runed translucent door.
  1660 | D:2      | Noticed Crazy Yiuf
  1668 | D:2      | Killed Crazy Yiuf
  1669 | D:2      | Reached XP level 6. HP: 29/38 MP: 0/6
  2155 | D:3      | Reached skill level 4 in Axes
  2569 | D:4      | Reached skill level 1 in Evocations
  2585 | D:4      | Found a sand-covered staircase.
  2598 | Ossuary  | Entered an ossuary
  2659 | Ossuary  | Reached XP level 7. HP: 39/43 MP: 7/7
  2723 | Ossuary  | Noticed a flying skull
  2723 | Ossuary  | Noticed a wraith
  2732 | Ossuary  | Noticed a flying skull
  2734 | Ossuary  | Noticed a flying skull
  2767 | Ossuary  | Noticed a wraith
  2774 | Ossuary  | Killed a wraith
  2775 | Ossuary  | Reached skill level 5 in Shields
  2783 | Ossuary  | Noticed a flying skull
  2810 | Ossuary  | Reached skill level 5 in Axes
  2810 | Ossuary  | Reached skill level 5 in Armour
  2822 | Ossuary  | Noticed a wraith
  2845 | Ossuary  | Killed a wraith
  2846 | Ossuary  | Reached XP level 8. HP: 31/48 MP: 8/8
  3555 | D:5      | Entered Level 5 of the Dungeon
  3566 | D:4      | Reached skill level 1 in Dodging
  3752 | D:5      | Found a radiant altar of Vehumet.
  3771 | D:5      | Reached skill level 6 in Axes
  3822 | D:5      | Reached skill level 5 in Fighting
  3831 | D:5      | Found a shimmering blue altar of Sif Muna.
  3901 | D:5      | Found a staircase to the Ecumenical Temple.
  3918 | Temple   | Entered the Ecumenical Temple
  3959 | Temple   | Became a worshipper of Warmaster Okawaru
  4445 | D:5      | Reached XP level 9. HP: 44/54 MP: 9/9
  4545 | D:5      | Reached skill level 1 in Invocations
  4835 | D:6      | Reached skill level 7 in Axes
  4889 | D:6      | Reached * piety under Okawaru
  4908 | D:6      | Identified the +9 scythe "Ocenuy" {elec, Dex+4}
  5005 | D:6      | Noticed a hornet
  5012 | D:6      | Killed a hornet
  5047 | D:6      | Found an opulent altar of Gozag.
  5501 | D:7      | Found a shimmering altar of Xom.
  5602 | D:7      | Learned a level 2 spell: Blink
  5748 | D:7      | Found a glowing silver altar of Zin.
  5860 | D:7      | Found a glowing golden altar of the Shining One.
  6006 | D:8      | Noticed Pikel
  6017 | D:7      | Killed Pikel
  6017 | D:7      | Reached ** piety under Okawaru
  6018 | D:7      | Reached skill level 8 in Axes
  6018 | D:7      | Reached skill level 1 in Translocations
  6018 | D:7      | Reached XP level 10. HP: 56/60 MP: 12/12
  6253 | D:8      | Reached skill level 5 in Evocations
  6559 | D:8      | Noticed Prince Ribbit
  6578 | D:8      | Found a broken altar of Ashenzari.
  6583 | D:8      | Saw a vision of the Swamp and the Spider Nest.
  6583 | D:8      | Noticed a wolf spider
  6583 | D:8      | Noticed a goliath frog
  6584 | D:8      | Noticed a goliath frog
  6776 | D:8      | Killed Prince Ribbit
  6776 | D:8      | Reached *** piety under Okawaru
  6780 | D:8      | Noticed Grum
  6792 | D:8      | Splashed by Grum's acid

Illustrated notes

Levels and vault maps discovered:
D:1:      dpeg_arrival_yet_another_circle, layout_basic,
          ebering_ecumenical_altar_webs
D:2:      layout_rooms, kennysheep_nondescript, grunt_decor_fettered,
          uniq_sigmund, uniq_crazy_yiuf_cottage
D:3:      layout_basic, amethyst_killhole, bh_walls_and_bars
D:4:      layout_basic, nicolae_ossuary_entry_monument
D:5:      layout_basic, amcnicky_altar_gilded, lemuel_doored_altar,
          minmay_temple_entry_stoned_glass, grunt_ministairs_10,
          minmay_pentangle
D:6:      layout_basic, grunt_gozag_statues
D:7:      layout_gridville, lemuel_crystal_altar, overflow_temple_1_default,
          kennysheep_mini_moat
D:8:      layout_cave_pools, grunt_ashenzari_visionary
          [grunt_ashenzari_visionary_swamp, grunt_ashenzari_visionary_spider],
          uniq_grum, uniq_prince_ribbit1, uniq_pikel
Temple:   cyrus_circular_temple

Skill      XL: |  1  2  3  4  5  6  7  8  9 10 |
---------------+-------------------------------+-----
Axes           | 2 3 4 5 6 8 |  8.4
Fighting       | 4 5 6 |  6.2
Armour         | 4 5 6 |  6.1
Shields        | 4 5 6 7 |  7.7
Evocations     | 1 2 3 4 5 |  5.1
Dodging        | 1 |  1.2
Invocations    | 3 4 |  4.0
Translocations | 1 2 |  2.2

Action                   |  1- 3 |  4- 6 |  7- 9 | 10-12 || total
-------------------------+-------+-------+-------+-------++-------
Melee: War axe           |   132 |    71 |   359 |   113 ||   675
       Hand axe          |       |    54 |       |       ||    54
  Use: Scroll            |     5 |     2 |     8 |       ||    15
       Potion            |       |     1 |     2 |       ||     3
Armor: Scale mail        |    85 |    48 |       |       ||   133
       Chain mail        |       |    20 |   212 |    69 ||   301
Dodge: Dodged            |    41 |    53 |    84 |    45 ||   223
Block: Kite shield       |   101 |    81 |   247 |    84 ||   513

Table legend: (Time is in decaauts)
 A = Elapsed time spent in this place.
 B = Non-inter-level travel time spent in this place.
 C = Inter-level travel time spent in this place.
 D = Time resting spent in this place.
 E = Time spent auto-exploring this place.
 F = Levels seen in this place.
 G = Mean time per level.
                   A        B        C        D        E       F      G
               +--------+--------+--------+--------+--------+-----+--------+
         Total |   7131 |   7100 |     31 |    579 |   4374 |  10 |  713.1 |
       Dungeon |   6686 |   6655 |     31 |    563 |   4212 |   8 |  835.8 |
        Temple |     59 |     59 |      0 |      0 |     30 |   1 |   59.0 |
       Ossuary |    384 |    384 |      0 |     16 |    132 |   1 |  384.0 |
               +--------+--------+--------+--------+--------+-----+--------+

Top non-repeatable levels by time:
     D:1: 1144 daAuts
     D:5: 979 daAuts
     D:4: 947 daAuts
     D:6: 804 daAuts
     D:8: 750 daAuts
     D:3: 743 daAuts
     D:2: 716 daAuts
     D:7: 600 daAuts
 Ossuary: 384 daAuts
  Temple: 59 daAuts
